 Dungeon Crawl Stone Soup version 0.29-a0-322-g68df515428 (webtiles) character file.

Game seed: 10094377420047798663

749 testman the Skirmisher (level 7, 0/91 HPs)
             Began as a Merfolk Ice Elementalist on Apr 8, 2022.
             Was a Believer of Trog.
             Slain by a gnoll
             ... wielding a +0 halberd
              (12 damage)
             ... on level 5 of the Dungeon.
             The game lasted 00:07:03 (2831 turns).

testman the Skirmisher (Merfolk Ice Elementalist)   Turns: 2831, Time: 00:07:04

Health: 0/91       AC:  6    Str: 11    XL:     7   Next: 78%
Magic:  10/10      EV: 11    Int: 14    God:    Trog [**....]
Gold:   230        SH:  5    Dex: 14    Spells: 9/10 levels left

rFire   . . .      SeeInvis .   d - +1 dagger (venom)
rCold   . . .      Faith    .   h - +0 buckler
rNeg    . . .      Spirit   .   i - +0 troll leather armour
rPois   .          Reflect  .   (no helmet)
rElec   .          Harm     .   (no cloak)
rCorr   .          Rampage  .   k - +0 pair of gloves
Will    +++..                   j - +0 pair of boots
Stlth   ..........              (no amulet)
HPRegen 2.05/turn               x - ring of willpower
MPRegen 0.12/turn               (no ring)

@: berserking (expiring), strong-willed (expiring), regenerating (expiring),
very quick
A: (nimble swimmer 2), mertail
a: Renounce Religion, Berserk, Trog's Hand


You were on level 5 of the Dungeon.
You worshipped Trog.
Trog was pleased with you.
You visited 1 branch of the dungeon, and saw 5 of its levels.

You collected 230 gold pieces.

Inventory:

Hand Weapons
 d - a +1 dagger of venom (weapon)
Missiles
 e - 145 stones
 y - 2 throwing nets
 B - a boomerang
 C - 4 curare-tipped darts
Armour
 a - a +0 robe
 h - a +0 buckler (worn)
 i - a +0 troll leather armour (worn)
 j - a +0 pair of boots (worn)
 k - a +0 pair of gloves (worn)
Jewellery
 x - a ring of willpower (left hand)
Wands
 q - a wand of paralysis (8)
Scrolls
 g - 2 scrolls of acquirement {unknown}
 l - a scroll of summoning {unknown}
 m - 3 scrolls of blinking {unknown}
 n - a scroll of noise {unknown}
 p - 4 scrolls of identify {unknown}
 r - a scroll of immolation {unknown}
 u - a scroll of vulnerability {unknown}
 v - a scroll of brand weapon {unknown}
 w - 2 scrolls of magic mapping {unknown}
Potions
 b - a potion of magic
 c - 6 potions of curing {unknown}
 f - a potion of invisibility {unknown}
 o - a potion of brilliance {unknown}
 s - 3 potions of might {unknown}
 t - a potion of haste {unknown}
 z - a potion of degeneration {unknown}
 A - a potion of heal wounds {unknown}
 D - a potion of lignification {unknown}


   Skills:
 + Level 7.7 Fighting
 - Level 2.6 Dodging
 - Level 2.1 Stealth
 - Level 4.0 Shields
 - Level 2.0 Spellcasting
 - Level 4.4 Ice Magic


You had 9 spell levels left.
You knew the following spells:

 Your Spells              Type           Power      Damage    Failure   Level
a - Freeze                Ice            52%        1d7       7%          1

Your spell library contained the following spells:

 Spells                   Type           Power      Damage    Failure   Level
 Frozen Ramparts          Ice            26%        1d4       21%         3
 Ozocubu's Armour         Ice            13%        N/A       21%         3
 Shock                    Conj/Air       4%         1d3       38%         1
 Sublimation of Blood     Necr           1%         N/A       52%         2
 Ignite Poison            Fire/Tmut/Pois 1%         N/A       77%         3
 Mephitic Cloud           Conj/Pois/Air  1%         N/A       77%         3
 Swiftness                Air            1%         N/A       77%         3
 Hailstorm                Conj/Ice       7%         3d4       86%         4
 Airstrike                Air            0%         N/A       99%         4
 Petrify                  Tmut/Erth      1%         N/A       99%         4
 Freezing Cloud           Conj/Ice/Air   2%         6-21      99%         5
 Irradiate                Conj/Tmut      0%         3d13      100%        5


Dungeon Overview and Level Annotations

Branches:
Dungeon (5/15)             Temple (0/1) D:4

Altars:
Ashenzari
Dithmenos
Nemelex Xobeh
Trog


Innate Abilities, Weirdness & Mutations

((You are very nimble when in or above water. (Stealth+, EV+, Speed+++)))
Your lower body shifts to a powerful aquatic tail in water.


Message History

The centaur is lightly wounded.
You block the centaur's attack.
The centaur kicks you but does no damage.
You puncture the centaur!
The centaur looks as sick as possible!
The centaur is severely wounded.
The centaur hits you but does no damage.
The centaur kicks you but does no damage.
The gnoll hits you from afar with a +0 halberd.
* * * LOW HITPOINT WARNING * * *
You puncture the centaur!
You kill the centaur!
Trog accepts your kill.
The gnoll hits you from afar with a +0 halberd.
* * * LOW HITPOINT WARNING * * *
You hit the gnoll.
The gnoll is poisoned.
The gnoll is moderately wounded.
You barely miss the gnoll.
The gnoll is moderately wounded.
The gnoll hits you but does no damage. The gnoll hits you with a +0 flail!
* * * LOW HITPOINT WARNING * * *
You hit the gnoll.
The gnoll looks as sick as possible!
The gnoll is almost dead.
You block the gnoll's attack. The gnoll hits you with a +0 flail.
* * * LOW HITPOINT WARNING * * *
You hit the gnoll.
You kill the gnoll!
Trog accepts your kill. You block the gnoll's attack.
You puncture the gnoll!
You kill the gnoll!
Trog accepts your kill. You block the gnoll's attack.
Found a stone staircase leading down.
Items here: ))) ††.
You closely miss the gnoll. The gnoll barely misses you.
You puncture the gnoll!
The gnoll is severely wounded.
You feel the effects of Trog's Hand fading.
The gnoll hits you with a +0 halberd!
You die...

#..... #.....
##..... ......>
#..... #.....
##....)#####
.......@)..##
##....g###..########
###.## ##..##....#
#.#######[......#
##.#....)......###
.............##
#.#..........#
##.#..........#
###.............#


You could see a gnoll.

Vanquished Creatures
  A black bear (D:5)
  A centaur (D:5)
  3 necrophages (D:4)
  2 howler monkeys
  A gnoll shaman (D:5)
  2 hounds (D:5)
  An iguana (D:4)
  Natasha (D:3)
  An orc wizard (D:5)
  4 gnolls (D:5)
  5 adders
  A worm (D:2)
  8 orcs
  5 ball pythons
  9 bats
  3 endoplasms
  2 giant cockroaches
  4 goblins
  5 hobgoblins
  4 quokkas
  4 frilled lizards
  6 kobolds
  5 rats
  A spectral goblin (D:1)
79 creatures vanquished.

Notes
Turn   | Place    | Note
-------+----------+-------------------------------------------
     0 | D:1      | testman the Merfolk Ice Elementalist began the quest for
                  | the Orb.
     0 | D:1      | Reached XP level 1. HP: 13/13 MP: 3/3
    60 | D:1      | Found a faded altar of an unknown god.
    68 | D:1      | Prayed at the altar of an unknown god.
    68 | D:1      | Became a worshipper of Trog the Wrathful
    68 | D:1      | Reached * piety under Trog
   385 | D:1      | Reached skill level 1 in Fighting
   397 | D:1      | Reached XP level 2. HP: 16/21 MP: 5/5
   587 | D:1      | Reached skill level 2 in Fighting
  1032 | D:2      | Reached XP level 3. HP: 25/28 MP: 6/6
  1409 | D:3      | Reached skill level 3 in Fighting
  1525 | D:3      | Reached ** piety under Trog
  1574 | D:3      | Noticed Natasha
  1577 | D:3      | Reached XP level 4. HP: 37/37 MP: 7/7
  1585 | D:3      | Killed Natasha
  1586 | D:3      | Reached skill level 4 in Fighting
  1921 | D:4      | Noticed a necrophage
  1944 | D:4      | Killed a necrophage
  1945 | D:4      | Reached skill level 1 in Shields
  1945 | D:4      | Reached XP level 5. HP: 39/43 MP: 8/8
  2186 | D:4      | Reached skill level 5 in Fighting
  2189 | D:4      | Reached XP level 6. HP: 51/51 MP: 9/9
  2517 | D:4      | Found a sparkling altar of Nemelex Xobeh.
  2524 | D:4      | Found a shadowy altar of Dithmenos.
  2528 | D:4      | Found a broken altar of Ashenzari.
  2585 | D:4      | Found a staircase to the Ecumenical Temple.
  2608 | D:5      | Entered Level 5 of the Dungeon
  2631 | D:5      | Reached skill level 6 in Fighting
  2644 | D:5      | Reached XP level 7. HP: 55/55 MP: 10/10
  2799 | D:5      | Reached skill level 7 in Fighting
  2826 | D:5      | HP: 4/90 [gnoll/+0 flail (4)]
  2831 | D:5      | Slain by a gnoll

Illustrated notes

Levels and vault maps discovered:
D:1:      psy_arrival_radial01, layout_rooms,
          dreamdust_ecumenical_altar_drowned_temple, solitary_fountain
D:2:      cheibrodos_old_hovel, layout_rooms,
          wander_ebering_terrifying_dragon_lair
D:3:      layout_loops_ring, uniq_natasha
D:4:      layout_cave_pools, minitemple, temple_doors_ab, item_on_display_a
D:5:      layout_rooms, minmay_misc_feat_pillars, uniq_duvessa

Skill      XL: |  1  2  3  4  5  6  7 |
---------------+----------------------+-----
Fighting       | 1 2 3 4 5 6 7 |  7.7
Shields        | 1 2 3 4 |  4.0
Dodging        | |  2.6
Stealth        | |  2.1
Spellcasting   | |  2.0
Ice Magic      | |  4.4

Action                   |  1- 3 |  4- 6 |  7- 9 || total
-------------------------+-------+-------+-------++-------
Melee: Dagger            |    95 |   152 |    81 ||   328
       Unarmed           |     1 |       |       ||     1
       Tailslap          |     1 |       |       ||     1
 Cast: Freeze            |     5 |       |       ||     5
Invok: Berserk           |       |     1 |     1 ||     2
       Trog's Hand       |       |       |     1 ||     1
 Stab: Sleeping          |     5 |     1 |       ||     6
Armor: Robe              |    17 |       |       ||    17
       Troll leather arm |    13 |    34 |    47 ||    94
Dodge: Dodged            |    57 |    73 |    62 ||   192
Block: Buckler           |    10 |    28 |    36 ||    74

Table legend: (Time is in decaauts)
 A = Elapsed time spent in this place.
 B = Non-inter-level travel time spent in this place.
 C = Inter-level travel time spent in this place.
 D = Time resting spent in this place.
 E = Time spent auto-exploring this place.
 F = Levels seen in this place.
 G = Mean time per level.
                   A        B        C        D        E       F      G
               +--------+--------+--------+--------+--------+-----+--------+
         Total |   2838 |   2547 |    291 |     23 |   1857 |   5 |  567.6 |
       Dungeon |   2838 |   2547 |    291 |     23 |   1857 |   5 |  567.6 |
               +--------+--------+--------+--------+--------+-----+--------+

Top non-repeatable levels by time:
     D:1: 990 daAuts
     D:4: 699 daAuts
     D:3: 576 daAuts
     D:2: 349 daAuts
     D:5: 222 daAuts
